 Dungeon Crawl Stone Soup version 0.31-a0-656-gb4d89c20fa (webtiles) character file.

Game seed: 6219118696795753405

133 mandarbmax the Shooter (level 5, -1/38 HPs)
             Began as a Formicid Hunter on Aug 31, 2023.
             Slain by an orc wizard
             ... wielding a +0 dagger
              (3 damage)
             ... on level 2 of the Dungeon.
             The game lasted 00:02:44 (1676 turns).

mandarbmax the Shooter (Formicid Hunter)            Turns: 1676, Time: 00:02:46

Health: -1/38      AC:  3    Str: 15    XL:     5   Next: 39%
Magic:  5/5        EV: 12    Int:  9    God:
Gold:   92         SH:  0    Dex: 19    Spells: 4/4 levels left

rFire   . . .        a - +0 shortbow
rCold   . . .        (no shield)
rNeg    . . .        c - +0 leather armour
rPois   .            (helmet unavailable)
rElec   .            (no cloak)
rCorr   .            (no gloves)
SInv    +            (no boots)
Will    .....        (no amulet)
Stlth   ++           m - ring of flight
HPRegen 0.26/turn    (no ring)
MPRegen 0.09/turn

%: no passive effects
@: mighty, flying
A: permanent stasis, dig shafts and tunnels, antennae 3, four strong arms
a: Dig, Shaft Self


You were on level 2 of the Dungeon.
You visited 1 branch of the dungeon, and saw 3 of its levels.

You collected 92 gold pieces.

Inventory:

Hand Weapons
 a - a +0 shortbow (weapon)
Armour
 c - a +0 leather armour (worn)
Jewellery
 d - a ring of ice
 m - a ring of flight (left hand)
Scrolls
 b - 3 scrolls of butterflies
 e - a scroll of blinking {unknown}
 f - a scroll of amnesia
 g - 2 scrolls of vulnerability {unknown}
 h - a scroll of enchant weapon {unknown}
 j - a scroll of immolation {unknown}
 k - 3 scrolls of teleportation {unknown}
 l - a scroll of torment {unknown}
 n - a scroll of fog {unknown}


   Skills:
 - Level 2.1 Fighting
 + Level 6.2 Ranged Weapons
 - Level 2.0 Dodging
 - Level 1.2 Stealth


You had 4 spell levels left.
You didn't know any spells.
Your spell library contained the following spells:

 Spells                   Type           Power      Damage    Failure   Level
 Dazzling Flash           Conj/Hex       0%         N/A       83%         3
 Agony                    Necr           0%         N/A       100%        5
 Silence                  Hex/Air        0%         N/A       100%        5


Dungeon Overview and Level Annotations

Branches:
Dungeon (3/15)

Altars:


Innate Abilities, Weirdness & Mutations

You cannot be hasted, slowed, berserked, paralysed or teleported.
You can dig through walls and to a lower floor.
You have a pair of large antennae on your head. (SInv)
Your four strong arms can wield two-handed weapons with a shield.


Message History

Fire: a) +0 shortbow
Press: ? - help, Q - select action, (/) - cycle Shift-Dir - straight line, f/p - orc wizard
Aim: an orc wizard, wielding a +0 dagger and wearing a +0 robe (slightly transparent, 59% to hit)
Okay, then.
The orc wizard attacks as it pursues you!
The orc wizard hits you but does no damage.
Fire: a) +0 shortbow
Press: ? - help, Q - select action, (/) - cycle Shift-Dir - straight line, f/p - orc wizard
Aim: an orc wizard, wielding a +0 dagger and wearing a +0 robe (slightly transparent, 59% to hit)
You shoot an arrow. The arrow hits the orc wizard.
The orc wizard is moderately wounded.
The orc wizard hits you with a +0 dagger.
* * * LOW HITPOINT WARNING * * *
Fire: a) +0 shortbow
Press: ? - help, Q - select action, (/) - cycle Shift-Dir - straight line, f/p - orc wizard
Aim: an orc wizard, wielding a +0 dagger and wearing a +0 robe (moderately wounded, slightly transparent, 59% to hit)
You shoot an arrow. The arrow hits the orc wizard!
The orc wizard is almost dead.
The orc wizard hits you with a +0 dagger.
* * * LOW HITPOINT WARNING * * *
Fire: a) +0 shortbow
Press: ? - help, Q - select action, (/) - cycle Shift-Dir - straight line, f/p - orc wizard
Aim: an orc wizard, wielding a +0 dagger and wearing a +0 robe (almost dead, slightly transparent, 59% to hit)
You shoot an arrow.
The arrow hits the orc wizard but does no damage.
The orc wizard is almost dead.
The orc wizard gestures at you while chanting.
You resist with some effort.
Fire: a) +0 shortbow
Press: ? - help, Q - select action, (/) - cycle Shift-Dir - straight line, f/p - orc wizard
Aim: an orc wizard, wielding a +0 dagger and wearing a +0 robe (almost dead, slightly transparent, 59% to hit)
You shoot an arrow. The arrow hits the orc wizard.
The orc wizard is almost dead.
The orc wizard points at you and mumbles some strange words.
The magic dart hits you!
* * * LOW HITPOINT WARNING * * *
It was a potion of might.
You feel very mighty all of a sudden.
The orc wizard hits you with a +0 dagger.
You die...

#.....# #.# #.#.........#.
......# #.# #.#.#.###...#<
#.....# #.# #.....# #####.
##...## #.# ####.##### ##+ ######
#.# #...>....# ##.. .## ###.#
#....†...###... ..######)#.##
#.##.###.##....
............#######.#...##.#.....
................@oo........'.....
....###......######.#...##.#.....
..#.# #..##.)# #.##..##.##....
.##.# #.###..# #........###...
###.###.)....# #......[.# ##.. #
#.........## #####.#### ##+
#####.##### ###...# #. #.#
#...#.## #. #######.#
#.#....######.


You could see an orc wizard (invisible) and an orc.

Vanquished Creatures
  Natasha (thrice) (D:2)
  An adder (D:2)
  4 dart slugs
  An orc (D:3)
  2 ball pythons
  6 endoplasms
  4 giant cockroaches
  3 hobgoblins
  2 kobolds (D:1)
  A quokka (D:2)
  8 bats
  4 frilled lizards
  2 goblins (D:2)
41 creatures vanquished.

Notes
Turn   | Place    | Note
-------+----------+-------------------------------------------
     0 | D:1      | mandarbmax the Formicid Hunter began the quest for the Orb.
     0 | D:1      | Reached XP level 1. HP: 16/16 MP: 1/1
   121 | D:1      | Reached XP level 2. HP: 22/22 MP: 2/2
   398 | D:1      | Reached XP level 3. HP: 27/27 MP: 3/3
   843 | D:2      | Reached skill level 5 in Ranged Weapons
   845 | D:2      | Noticed Natasha
   856 | D:2      | Killed Natasha
   857 | D:2      | Reached XP level 4. HP: 17/33 MP: 4/4
  1128 | D:2      | Noticed Natasha
  1134 | D:2      | Killed Natasha
  1135 | D:2      | Reached XP level 5. HP: 38/38 MP: 5/5
  1189 | D:2      | Noticed Natasha
  1194 | D:2      | Killed Natasha
  1195 | D:2      | Reached skill level 6 in Ranged Weapons
  1676 | D:2      | Slain by an orc wizard

Illustrated notes

Levels and vault maps discovered:
D:1:      shiori_arrival_elements, layout_basic, chequers_garden
D:2:      layout_loops_corners, uniq_natasha
D:3:      layout_rooms, nicolae_ru_the_path_less_chosen, serial_shops, shop

Skill      XL: |  1  2  3  4  5 |
---------------+----------------+-----
Dodging        | 2 |  2.0
Ranged Weapons | 5 6 |  6.2
Fighting       | |  2.1
Stealth        | |  1.2

Action                     |  1- 3 |  4- 6 || total
---------------------------+-------+-------++-------
   Fire: Shortbow          |    76 |    57 ||   133
Ability: Dig               |     1 |       ||     1
    Use: Scroll            |       |     1 ||     1
         Potion            |       |     1 ||     1
 Armour: Leather armour    |       |     7 ||     7
  Dodge: Dodged            |    19 |    20 ||    39

Table legend: (Time is in decaauts)
 A = Elapsed time spent in this place.
 B = Non-inter-level travel time spent in this place.
 C = Inter-level travel time spent in this place.
 D = Time resting spent in this place.
 E = Time spent auto-exploring this place.
 F = Levels seen in this place.
 G = Mean time per level.
                   A        B        C        D        E       F      G
               +--------+--------+--------+--------+--------+-----+--------+
         Total |   1699 |   1653 |     46 |      0 |   1409 |   3 |  566.3 |
       Dungeon |   1699 |   1653 |     46 |      0 |   1409 |   3 |  566.3 |
               +--------+--------+--------+--------+--------+-----+--------+

Top non-repeatable levels by time:
     D:2: 871 daAuts
     D:1: 821 daAuts
     D:3: 6 daAuts
